 Dungeon Crawl Stone Soup version 0.26.1-11-gd32895ea62 (webtiles) character file.

Game seed: 12463021004327147022

7058 ubername the Frost Mage (level 11, -5/77 HPs)
             Began as a Barachi Ice Elementalist on July 8, 2021.
             Was a Believer of Vehumet.
             Slain by a vampire (8 damage)
             ... on level 9 of the Dungeon.
             The game lasted 00:30:31 (11853 turns).

ubername the Frost Mage (Barachi Ice Elementalist) Turns: 11853, Time: 00:30:31

Health: -5/77      AC:  7    Str:  9    XL:     11   Next: 9%
Magic:  24/24      EV: 15    Int: 18    God:    Vehumet [**....]
Gold:   178        SH:  0    Dex: 14    Spells: 12/29 levels left

rFire    x . .     SeeInvis .   w - +4 flail "Etiqyrgh" {vorpal, rC++}
rCold    + + +     Faith    .   (no shield)
rNeg     . . .     Spirit   .   a - +0 robe
rPois    .         Reflect  .   C - +2 hat
rElec    .         Harm     .   D - scarf {repulsion}
rCorr    +         Rampage  .   c - +0 pair of gloves
Will     .....     Rnd*Tele +   (no boots)
Stlth    +++.......             y - amulet of magic regeneration
HPRegen  0.22/turn              r - ring of ice
MPRegen  0.44/turn              l - ring of resist corrosion

@: brilliant, can't hop, repel missiles, slow
A: +LOS, swims, slimy green scales 1, slowness 1, teleportitis 1, strong legs 1
a: Hop, Renounce Religion


You were on level 9 of the Dungeon.
You worshipped Vehumet.
Vehumet was pleased with you.
You visited 2 branches of the dungeon, and saw 11 of its levels.

You collected 499 gold pieces.
You spent 321 gold pieces at shops.

Inventory:

Hand Weapons
 h - a +1 hand axe
 o - a +0 hand axe of freezing
 p - a +0 vorpal hand axe
 s - a +0 hunting sling
 w - the +4 flail "Etiqyrgh" (weapon) {vorpal, rC++}
   (You bought it in a shop on level 6 of the Dungeon)

   It inflicts extra damage upon your enemies.
   It greatly protects you from cold.
 F - the cursed +0 scythe "Fani" {freeze, Fragile rPois rC+++ Str-5}
   (You found it on level 8 of the Dungeon)

   It has been specially enchanted to freeze those struck by it, causing extra
   injury to most foes and up to half again as much damage against particularly
   susceptible opponents.
   It can also slow down cold-blooded creatures.
   It affects your strength (-5).
   It renders you almost immune to cold.
   It protects you from poison.
   It will be destroyed if unequipped.
   It has a curse placed upon it.
Missiles
 j - 45 poisoned darts (quivered)
 u - 63 sling bullets
 K - 5 silver boomerangs
Armour
 a - a +0 robe (worn)
 c - a +0 pair of gloves (worn)
 C - a +2 hat (worn)
 D - a scarf of repulsion (worn)
 G - the +9 plate armour "Meomeamo" {rElec rPois rF+ Str-3, unknown}
   (You found it on level 9 of the Dungeon)

   It affects your strength (-3).
   It protects you from fire.
   It insulates you from electricity.
   It protects you from poison.
Jewellery
 e - an uncursed ring of positive energy
 g - an uncursed ring of ice
 l - a ring of resist corrosion (right hand)
 r - a ring of ice (left hand)
 y - an amulet of magic regeneration (around neck)
 B - an uncursed amulet of faith {unknown}
 H - an uncursed ring of wizardry {unknown}
 J - a +4 ring of protection {unknown}
Wands
 k - a wand of iceblast (40)
 t - a wand of polymorph (6)
 x - a wand of digging (5)
Scrolls
 b - 2 scrolls of teleportation
 d - 4 scrolls of enchant weapon
 f - 3 scrolls of amnesia
 i - 2 scrolls of fog
 n - a scroll of remove curse
 v - a scroll of identify
 A - a scroll of blinking
 I - a scroll of holy word {unknown}
Potions
 m - 2 potions of heal wounds
 z - 4 potions of curing
 E - a potion of brilliance


   Skills:
 + Level 4.0 Fighting
 + Level 1.5(4.7) Axes
 + Level 7.0(7.1) Maces & Flails
 + Level 1.1 Throwing
 + Level 5.9 Dodging
 + Level 3.9 Stealth
 + Level 9.8 Spellcasting
 + Level 2.0 Conjurations
 + Level 1.1 Fire Magic
 + Level 11.7 Ice Magic


You had 12 spell levels left.
You knew the following spells:

 Your Spells              Type           Power        Failure   Level
a - Freeze                Ice            100%         1%          1
b - Frozen Ramparts       Ice            100%         1%          3
c - Ozocubu's Armour      Ice            86%          1%          3
d - Hailstorm             Conj/Ice       66%          4%          4
e - Foxfire               Conj/Fire      84%          4%          1
f - Swiftness             Air            13%          12%         2
g - Static Discharge      Conj/Air       18%          16%         3

Your spell library contained the following spells:

 Spells                   Type           Power        Failure   Level
 Sandblast                Erth           26%          9%          1
 Magic Dart               Conj           96%          3%          1
 Shock                    Conj/Air       72%          5%          1
 Searing Ray              Conj           48%          5%          2
 Summon Ice Beast         Ice/Summ       61%          8%          4
 Dazzling Flash           Conj/Hex       36%          16%         3
 Fulminant Prism          Conj/Hex       9%           47%         4
 Iskenderun's Mystic Bla  Conj/Tloc      18%          47%         4
 Airstrike                Air            6%           63%         4
 Lightning Bolt           Conj/Air       9%           83%         5


Dungeon Overview and Level Annotations

Branches:
Dungeon (10/15)            Temple (1/1) D:6
   Lair: D:8-11         Orc: D:9-12

Altars:
Ashenzari
Cheibriados
Dithmenos
Elyvilon
Fedhas
Gozag
Hepliaklqana
Kikubaaqudgha
Makhleb
Nemelex Xobeh
Okawaru
Qazlal
Ru
Sif Muna
Trog
Vehumet
Wu Jian
Xom
Yredelemnul
Zin
The Shining One

Shops:
D:6 (   D:8 (   D:9 *


Innate Abilities, Weirdness & Mutations

You can be seen from farther away. (+LOS)
You can swim through water.
You cover ground slowly.
You can hop short distances.
You are partially covered in slimy green scales. (AC +2)
You are occasionally teleported next to monsters.


Message History

[Y]es or [N]o only, please.
Your icy armour will break if you move.
Continue?
Hop to where?
Press: ? - help, Dir - move target Your icy armour will break if you move.
Continue?
Your icy armour cracks and falls away as you move.
Boing!
There is a stone staircase leading up here.
Something hits you.
* * * LOW HITPOINT WARNING * * *
Something closely misses you.
You climb upwards.
Reactivating autopickup.
Found a bubbling purple potion.
Found an escape hatch in the floor.
There is a stone staircase leading down here.
Deactivating autopickup; reactivate with Ctrl-A.
You closely miss something. Something hits you.
* * * LOW HITPOINT WARNING * * *
Something bites you!
You die...

###########..#
######..... ..# .# #.....
# .# .# #..... #. ..#
#..... #.. ...# #.....
####..#####...# #.....
....!.........######.....
.............>...........
#....@.......###......
#...#######..# #......
#.. #)).... #. #)..... #
#..###...... #..........>
#........... #.#####.....
.. #.....


There were no monsters in sight!

Vanquished Creatures
  Gastronok (D:8)
  A centaur zombie (D:10)
  Psyche (D:10)
  A troll (D:9)
  A tyrant leech (D:10)
  Sigmund (D:1)
  A wyvern (D:10)
  5 vampire mosquitoes
  A water moccasin (D:10)
  3 sky beasts
  An orc warrior (D:7)
  Purgy (D:3)
  2 hornet zombies
  3 centaurs
  8 bullfrogs
  A scorpion (D:9)
  14 killer bees
  9 wights
  2 centaur skeletons
  4 orc priests
  5 hounds
  An iguana (D:8)
  6 orc wizards
  10 worker ants
  A howler monkey zombie (D:8)
  7 adders
  A shadow imp (D:6)
  A white imp (D:8)
  2 ufetubi
  An ooze (D:1)
  3 worms (D:3)
  2 dart slugs (D:1)
  3 leopard geckos
  20 orcs
  5 bats
  4 giant cockroaches
  9 hobgoblins
  5 jackals
  2 quokkas
  A ball python (D:1)
  5 frilled lizards
  2 goblins
  7 kobolds
  6 rats
170 creatures vanquished.

Vanquished Creatures (others)
  35 foxfires
  7 plants (D:9)
42 creatures vanquished.

Grand Total: 212 creatures vanquished

Notes
Turn   | Place    | Note
-------+----------+-------------------------------------------
     0 | D:1      | ubername the Barachi Ice Elementalist began the quest for
                  | the Orb.
     0 | D:1      | Reached XP level 1. HP: 13/13 MP: 3/3
    69 | D:1      | Reached skill level 5 in Ice Magic
   321 | D:1      | Reached XP level 2. HP: 19/19 MP: 1/5
   893 | D:1      | Reached XP level 3. HP: 23/24 MP: 2/6
  1316 | D:2      | Noticed Sigmund
  1337 | D:1      | HP: 1/24 [Sigmund/+0 scythe (2)]
  1621 | D:2      | Learned a level 3 spell: Frozen Ramparts
  1625 | D:2      | Learned a level 3 spell: Ozocubu's Armour
  1775 | D:2      | Found a hazy altar of Hepliaklqana.
  2546 | D:2      | Found a sacrificial altar of Ru.
  2919 | D:3      | Found a shimmering altar of Xom.
  3040 | D:3      | Found a basalt altar of Yredelemnul.
  3107 | D:3      | Reached XP level 4. HP: 30/30 MP: 1/8
  3207 | D:3      | Found a white marble altar of Elyvilon.
  3355 | D:3      | Found a glowing golden altar of the Shining One.
  3571 | D:3      | Reached skill level 6 in Ice Magic
  3586 | D:3      | Noticed Purgy
  3696 | D:3      | Killed Purgy
  3697 | D:3      | Reached XP level 5. HP: 25/35 MP: 1/10
  4284 | D:1      | Killed Sigmund
  4285 | D:1      | Reached skill level 1 in Axes
  4285 | D:1      | Reached XP level 6. HP: 36/42 MP: 5/12
  4399 | D:4      | Reached skill level 7 in Ice Magic
  4622 | D:4      | Found a stormy altar of Qazlal.
  4630 | D:4      | Learned a level 4 spell: Hailstorm
  5076 | D:4      | Reached XP level 7. HP: 47/47 MP: 1/14
  5238 | D:5      | Entered Level 5 of the Dungeon
  5238 | D:5      | Found a sand-covered staircase.
  5415 | D:5      | Reached skill level 5 in Spellcasting
  5562 | D:5      | Found a sacrificial altar of Ru.
  6256 | D:6      | Found Canodir's Antique Weapon Shoppe.
  6264 | D:6      | Bought a crude flail for 272 gold pieces
  6264 | D:6      | Identified the +4 flail "Etiqyrgh" {vorpal, rC++} (You
                  | bought it in a shop on level 6 of the Dungeon)
  6522 | D:6      | Gained mutation: You are occasionally teleported next to
                  | monsters. [potion of mutation]
  6522 | D:6      | Gained mutation: You are partially covered in slimy green
                  | scales. (AC +2) [potion of mutation]
  6557 | D:6      | Found a staircase to the Ecumenical Temple.
  6568 | Temple   | Entered the Ecumenical Temple
  6580 | Temple   | Became a worshipper of Vehumet
  6735 | D:6      | Reached skill level 8 in Ice Magic
  6741 | D:6      | Reached skill level 1 in Fighting
  7022 | D:6      | Reached skill level 1 in Maces & Flails
  7022 | D:6      | Reached XP level 8. HP: 54/54 MP: 9/16
  7249 | D:7      | Found a shimmering blue altar of Sif Muna.
  8175 | D:7      | Reached skill level 9 in Ice Magic
  8534 | D:8      | Noticed Gastronok
  8615 | D:8      | Reached XP level 9. HP: 61/61 MP: 14/19
  8632 | D:8      | Killed Gastronok
  8633 | D:8      | Reached skill level 5 in Maces & Flails
  8633 | D:8      | Reached skill level 5 in Dodging
  8633 | D:8      | Reached skill level 10 in Ice Magic
  8769 | D:8      | Found Veangeem's Weapon Shop.
  8815 | D:8      | Reached XP level 10. HP: 69/69 MP: 17/22
  8817 | D:8      | Reached skill level 1 in Throwing
  9049 | D:8      | Got an ancient scythe
  9050 | D:8      | Identified the cursed +0 scythe "Fani" {freeze, Fragile
                  | rPois rC+++ Str-5} (You found it on level 8 of the Dungeon)
  9225 | D:8      | Found an ornate altar of the Wu Jian Council.
  9719 | D:9      | Found Egetis's Assorted Antiques.
  9725 | D:9      | Got a crude plate armour
  9730 | D:9      | Bought a scroll labelled FOTZAW WEI for 26 gold pieces
  9730 | D:9      | Bought a bubbling dark potion for 23 gold pieces
  9822 | D:9      | Reached * piety under Vehumet
  9822 | D:9      | Offered knowledge of Foxfire by Vehumet.
  9827 | D:9      | Learned a level 1 spell: Foxfire
  9830 | D:9      | Learned a level 2 spell: Swiftness
  9834 | D:9      | Learned a level 3 spell: Static Discharge
 10422 | D:9      | Reached skill level 11 in Ice Magic
 10629 | D:9      | Noticed a skeletal warrior
 10629 | D:9      | Noticed a stone giant
 10635 | D:10     | Entered Level 10 of the Dungeon
 10925 | D:10     | Noticed Psyche
 10939 | D:10     | Killed Psyche
 10940 | D:10     | Reached skill level 1 in Fire Magic
 11226 | D:10     | Reached XP level 11. HP: 11/75 MP: 24/24
 11236 | D:10     | HP: 5/112 [vampire mosquito (7)]
 11245 | D:10     | HP: 3/77 [vampire mosquito (3)]
 11252 | D:9      | Offered knowledge of Sandblast by Vehumet.
 11254 | D:9      | HP: 1/77 [skeletal warrior/+0 trident (13)]
 11371 | D:10     | Reached ** piety under Vehumet
 11658 | D:10     | Found the +12 Vampire's Tooth {vamp}
 11673 | D:10     | HP: 2/77 [vampire (6)]
 11853 | D:9      | HP: 3/77 [something (5)]
 11853 | D:9      | Slain by a vampire

Illustrated notes

Levels and vault maps discovered:
D:1:      heliophobic_arrival_glass_houses, layout_loops_ring, grunt_decor_cap,
          minmay_fountain_box
D:2:      layout_basic, overflow_temple_1_default, old_standard_altar,
          serial_curves, eino_curves_02, eino_curves_02, uniq_sigmund
D:3:      layout_basic, kennysheep_ying_yang, xom_teletrap_fun, tso_altar,
          uniq_purgy
D:4:      layout_basic, grunt_qazlal_sundering
D:5:      layout_basic, nicolae_ossuary_entry_ruins, grunt_decor_one_mirror,
          nicolae_ru_sacrificial_ziggurat
D:6:      layout_gridville, minmay_temple_entry_trees, serial_shops,
          shop_fountains, due_unseen_surprise
D:7:      layout_basic, eat_drink_and_be_merry_uskayaw,
          nicolae_overflow_crystal_walls, grunt_ministairs_10,
          corexii_item_surrounded_by_moat
D:8:      layout_rooms, nzn_wu_jian_council_hall, serial_shops,
          nicolae_shop_statue_plus, uniq_gastronok
D:9:      nzn_winding_woodlands_small [nzn_winding_woodlands_5x15_longhouse,
          nzn_winding_woodlands_center_garden,
          nzn_winding_woodlands_5x15_zeroes], layout_small_grid, serial_shops,
          shop, columned_hall_lemuel
D:10:     layout_rooms, kennysheep_big_empty_room,
          minmay_guarded_unrand_vampires_tooth, uniq_sonja, uniq_psyche
Temple:   nicolae_temple_god_jail

Skill      XL: |  1  2  3  4  5  6  7  8  9 10 11 |
---------------+----------------------------------+-----
Ice Magic      | 5 6 7 8 9 10 11 | 11.7
Spellcasting   | 3 4 5 6 8 9 |  9.8
Stealth        | 2 3 |  3.9
Axes           | 1 |  1.5
Dodging        | 3 4 5 |  5.9
Fighting       | 1 2 3 4 |  4.0
Maces & Flails | 1 3 5 6 7 |  7.0
Throwing       | 1 |  1.1
Fire Magic     | 1 |  1.1
Conjurations   | 2 |  2.0

Action                   |  1- 3 |  4- 6 |  7- 9 | 10-12 || total
-------------------------+-------+-------+-------+-------++-------
Melee: Hand axe          |    32 |    27 |     4 |       ||    63
       Flail             |       |       |    60 |   118 ||   178
Throw: Dart              |       |     2 |     3 |     6 ||    11
 Cast: Freeze            |    32 |     3 |     1 |     1 ||    37
       Frozen Ramparts   |     9 |    16 |    30 |    32 ||    87
       Ozocubu's Armour  |     1 |     9 |    10 |    22 ||    42
       Foxfire           |       |       |       |    20 ||    20
 Abil: Hop               |     1 |       |     1 |     3 ||     5
Evoke: Wand              |       |       |       |     1 ||     1
  Use: Scroll            |     8 |       |     5 |     5 ||    18
       Potion            |     4 |       |     2 |     8 ||    14
Armor: Robe              |     8 |    25 |    26 |    68 ||   127
Dodge: Dodged            |    40 |    43 |    84 |   147 ||   314
       Repelled          |       |       |       |     2 ||     2
